cohdb
Replays
Latest Replays
All Replays
Popular Replays
Top Player Replays
Match Explorer
How It Works
Community
CoH3 Stats
Reddit
Sign in to upload your games and track your stats! →
Sign in with Steam
Match 42946513
Unlisted
Match 42946513
Overview
Messages
Build Orders
End
Royal Engineer Section
Selects Indian Artillery Battlegroup
Vickers Machine Gun Team
Construct Section Command Post
Dingo Light Scout Car
Infantry Section
Construct Field Infirmary
Selects Valour
Infantry Section
Construct Platoon Command Post
Infantry Training
Selects Artillery Saturation
6-pounder Anti-tank Gun Team
Royal Engineer Section
Royal Engineer Section
Grenade Package
6-pounder Anti-tank Gun Team
Selects Off-map Airburst Barrage
Construct Company Command Post
Selects BL5.5 Artillery Emplacement
Selects Gurkha Rifles Section
Medryn
Corvus
Tok3n x Operator
vladimir 3abasov
Mr.Shcribbles
wotanserbe
Blackdead
Silen
0
0
Comments
sign in to comment!
No comments posted yet!